 Seeded DCSS version 0.30-a0-269-gf0224bf7b6 (webtiles) character file.

Game seed: 4030536004999934454 (custom seed)

829 hikkokomori the Gusty (level 7, -7/44 HPs)
             Began as a Tengu Air Elementalist on Oct 15, 2022.
             Mangled by a yak (12 damage)
             ... on level 5 of the Dungeon.
             The game lasted 00:07:13 (3398 turns).

hikkokomori the Gusty (Tengu Air Elementalist)      Turns: 3398, Time: 00:07:13

Health: -7/44      AC:  2    Str:  5    XL:     7   Next: 97%
Magic:  11/11      EV: 15    Int: 22    God:
Gold:   191        SH:  0    Dex: 16    Spells: 9/10 levels left

rFire   . . .      SeeInvis +    k - +8 storm bow {elec, penet}
rCold   . . .      Faith    .    (shield currently unavailable)
rNeg    . . .      Spirit   .    a - +0 robe
rPois   .          Reflect  .    (helmet restricted)
rElec   .          Harm     .    (no cloak)
rCorr   +          Rampage  .    (no gloves)
Will    .....                    (boots unavailable)
Stlth   ++........               (no amulet)
HPRegen 0.27/turn                g - ring "Juomi" {+Blink rCorr Str-4 Int+7 SInv}
MPRegen 0.12/turn                (no ring)

@: about to teleport, flying quickly and evasively, quick
A: beak, talons 3, nimble flight
a: Evoke Blink


You were on level 5 of the Dungeon.
You visited 1 branch of the dungeon, and saw 5 of its levels.

You collected 191 gold pieces.

Inventory:

Hand Weapons
 e - a +0 dagger
 k - the +8 storm bow (weapon) {elec, penet}
   (You acquired it on level 2 of the Dungeon)

   Any ammunition fired from it occasionally discharges a powerful burst of
   electricity upon striking a foe.
   Any ammunition fired by it passes through the targets it hits, potentially
   hitting all targets in its path until it reaches maximum range.
 y - the +6 mace of Sudden Death {vorpal, rN+}
   (You found it on level 5 of the Dungeon)

   It inflicts extra damage upon your enemies.
   rN:        It protects you from negative energy.
Armour
 a - a +0 robe (worn)
Jewellery
 g - the ring "Juomi" (left hand) {+Blink rCorr Str-4 Int+7 SInv}
   (You acquired it on level 2 of the Dungeon)

   [ring of see invisible]

   Str:       It affects your strength (-4).
   Int:       It affects your intelligence (+7).
   SInv:      It lets you see invisible.
   +Blink:    It lets you blink.
   rCorr:     It protects you from acid and corrosion.
 x - an amulet of reflection
Wands
 l - a wand of acid (9)
Scrolls
 f - 2 scrolls of teleportation
 h - 11 scrolls of identify {unknown}
 o - a scroll of noise {unknown}
 p - a scroll of vulnerability {unknown}
 q - a scroll of silence {unknown}
 r - 2 scrolls of immolation {unknown}
 t - 2 scrolls of magic mapping {unknown}
 v - a scroll of amnesia {unknown}
Potions
 b - a potion of magic
 c - a potion of haste {unknown}
 d - a potion of degeneration {unknown}
 i - 2 potions of invisibility {unknown}
 j - 3 potions of brilliance {unknown}
 m - a potion of resistance {unknown}
 n - 2 potions of mutation {unknown}
 s - a potion of heal wounds {unknown}
 u - a potion of lignification {unknown}
 w - a potion of attraction {unknown}
 z - a potion of curing {unknown}


   Skills:
 + Level 5.6 Fighting
 + Level 5.3 Ranged Weapons
 - Level 2.1 Dodging
 - Level 2.0 Stealth
 - Level 2.0 Spellcasting
 - Level 1.3 Conjurations
 - Level 6.4 Air Magic


You had 9 spell levels left.
You knew the following spells:

 Your Spells              Type           Power      Damage    Failure   Level
a - Shock                 Conj/Air       76%        1d7       2%          1

Your spell library contained the following spells:

 Spells                   Type           Power      Damage    Failure   Level
 Swiftness                Air            30%        N/A       3%          3
 Static Discharge         Conj/Air       38%        2-4/arc   4%          2
 Airstrike                Air            15%        2d(3-19)  10%         4
 Slow                     Hex            8%         N/A       14%         1
 Confusing Touch          Hex            2%         N/A       38%         3
 Vampiric Draining        Necr           2%         2d6       38%         3


Dungeon Overview and Level Annotations

Branches:
Dungeon (5/15)             Temple (0/1) D:4

Altars:
Cheibriados
Dithmenos
Gozag
Okawaru
Ru
Sif Muna
Trog
The Shining One

Shops:
D:2 *   D:4 *[:*


Innate Abilities, Weirdness & Mutations

You have a beak for a mouth.
You have claws for feet.
Your magical nature lets you fly swiftly and evasively.


Message History

No target in view!
No target in view!
No target in view!
No target in view!
No target in view!
No target in view!
No target in view!
No target in view!
No target in view!
No target in view!
You start resting.
You feel sick. x6
You are no longer poisoned.
You start resting.
HP restored.
You see here a scorpion corpse.
You shoot an arrow. The yak bellows!
The arrow pierces through the yak!
The yak is lightly wounded.
The yak gores you!
You shoot an arrow. The arrow pierces through the yak.
The yak is lightly wounded.
The yak gores you! The yak gores you.
You shoot an arrow. The arrow pierces through the yak!
The yak is moderately wounded.
The yak closely misses you.
Unknown command.
As you read the scroll labelled LOTIF OVELAN, it crumbles to dust.
You feel strangely unstable.
It was a scroll of teleportation.
The yak gores you!
Okay, then.
Fire: k) +8 storm bow {elec, penet}
Press: ? - help, Q - select action, (/) - cycle Shift-Dir - straight line, f/p - yak
Aim: a yak (moderately wounded, 78% to hit)
You shoot an arrow. The arrow pierces through the yak!
The yak is heavily wounded.
The yak gores you!
* * * LOW HITPOINT WARNING * * *
The yak gores you!
You die...

.......... ######.##.
#. #. .. ## ... +.
#... ## #### ## #.
#†.# ? ##@Y# .###
#.##..##$:# #.#
.##Y?# #.# ######
#.####....##
##....####.#
######### #.#
#....'..# #.# ###
#.88.#..####.######..


You could see a yak.

Vanquished Creatures
  An ice beast (D:5)
  3 scorpions
  4 killer bees (D:5)
  A hound (D:5)
  Jessica (D:2)
  An iguana (D:5)
  Natasha (thrice) (D:2)
  An orc wizard (D:4)
  Robin (D:3)
  4 adders
  3 gnolls (D:3)
  2 worms (D:2)
  5 dart slugs
  6 orcs
  5 ball pythons
  5 endoplasms
  3 giant cockroaches
  11 hobgoblins
  15 jackals
  3 kobolds
  2 quokkas (D:1)
  7 bats
  6 frilled lizards
  15 goblins
  7 rats
115 creatures vanquished.

Vanquished Creatures (others)
  3 plants (D:2)
3 creatures vanquished.

Grand Total: 118 creatures vanquished

Notes
Turn   | Place    | Note
-------+----------+-------------------------------------------
     0 | D:1      | hikkokomori the Tengu Air Elementalist began the quest for
                  | the Orb.
     0 | D:1      | Reached XP level 1. HP: 10/10 MP: 4/4
   120 | D:1      | Reached skill level 1 in Fighting
   120 | D:1      | Reached XP level 2. HP: 14/16 MP: 3/6
   307 | D:1      | Reached XP level 3. HP: 20/20 MP: 7/7
   616 | D:1      | Reached skill level 5 in Air Magic
   953 | D:2      | Found Xieff's Assorted Antiques.
   954 | D:2      | Identified 2 scrolls of acquirement
   954 | D:2      | Acquired the +8 storm bow {elec, penet}
   954 | D:2      | Found the +8 storm bow {elec, penet}
   961 | D:2      | Noticed Natasha
   964 | D:2      | Killed Natasha
   965 | D:2      | Reached XP level 4. HP: 15/27 MP: 8/8
  1008 | D:2      | Acquired the ring "Juomi" {+Blink rCorr Str-4 Int+7 SInv}
  1355 | D:2      | Found a shimmering blue altar of Sif Muna.
  1510 | D:2      | Noticed Jessica
  1511 | D:2      | Killed Jessica
  1512 | D:2      | Reached skill level 1 in Ranged Weapons
  1512 | D:2      | Gained mutation: Your magical nature lets you fly swiftly
                  | and evasively. [Tengu growth]
  1512 | D:2      | Reached XP level 5. HP: 32/32 MP: 9/9
  1573 | D:2      | Noticed Natasha
  1576 | D:2      | Killed Natasha
  1675 | D:2      | Noticed Natasha
  1677 | D:2      | Killed Natasha
  1678 | D:2      | Reached skill level 6 in Air Magic
  1714 | D:2      | Found a faded altar of an unknown god.
  1783 | D:3      | Noticed Robin
  1784 | D:3      | Killed Robin
  1808 | D:3      | Reached XP level 6. HP: 33/37 MP: 10/10
  1819 | D:3      | Found a shadowy altar of Dithmenos.
  1835 | D:3      | Found a sacrificial altar of Ru.
  1842 | D:3      | Found a snail-covered altar of Cheibriados.
  2183 | D:4      | Found an opulent altar of Gozag.
  2331 | D:4      | Found a staircase to the Ecumenical Temple.
  2380 | D:4      | Found Mememneim's General Store.
  2527 | D:4      | Found Haiz's Book Emporium.
  2570 | D:4      | Found an iron altar of Okawaru.
  2598 | D:4      | Found Siessit's Armour Emporium.
  2646 | D:4      | Found Jezxileu's General Store.
  2840 | D:4      | Found a glowing golden altar of the Shining One.
  2930 | D:5      | Entered Level 5 of the Dungeon
  2981 | D:5      | Identified the +6 mace of Sudden Death {vorpal, rN+}
  2994 | D:5      | Reached XP level 7. HP: 30/44 MP: 11/11
  3108 | D:5      | Found a bloodstained altar of Trog.
  3282 | D:5      | Reached skill level 5 in Fighting
  3294 | D:5      | Noticed a yak
  3296 | D:5      | Reached skill level 5 in Ranged Weapons
  3398 | D:5      | Mangled by a yak

Illustrated notes

Levels and vault maps discovered:
D:1:      dpeg_arrival_leaves_temple_mockup, layout_basic, interstate_on_off
D:2:      layout_rooms, shapermc_ecumenical_altar_notcrosses, serial_shops,
          nicolae_shop_overgrown_old_shop, basic_altar, grunt_ministairs_12,
          patterned_corridor, uniq_natasha, uniq_jessica
D:3:      layout_rooms, nicolae_dithmenos_shadow_blocks,
          chequers_temple_overflow_statue_of_worship, nicolae_titane, uniq_robin
D:4:      layout_gridville, nicolae_tso_swordbearing_angel,
          nicolae_overflow_crystal_walls, kennysheep_okawaru_gauntlet,
          minmay_temple_entry_stoned_glass, serial_shops, shop,
          nicolae_shop_crystal, shop, shop
D:5:      minmay_chambers_of_fours, layout_basic, lightli_temple_of_fire,
          serial_co_window_serial, co_window_paths_a, co_window_paths_b,
          co_window_paths_a, co_window_paths_b, co_window_paths_a,
          co_window_paths_a, co_window_paths_b, co_window_broadway_b,
          co_window_corner_b, co_window_of_opportunity_b, co_window_cross_2,
          co_window_paths_c, co_window_2corner, glass_columns_c, minivault_24,
          kennysheep_generic_room_13

Skill      XL: |  1  2  3  4  5  6  7 |
---------------+----------------------+-----
Fighting       | 1 2 3 4 5 |  5.6
Air Magic      | 5 6 |  6.4
Ranged Weapons | 1 2 4 5 |  5.3
Dodging        | |  2.1
Stealth        | |  2.0
Spellcasting   | |  2.0
Conjurations   | |  1.3

Action                   |  1- 3 |  4- 6 |  7- 9 || total
-------------------------+-------+-------+-------++-------
Melee: Unarmed           |    10 |       |       ||    10
       Kick              |    11 |       |       ||    11
       Peck              |     7 |       |       ||     7
       Dagger            |    38 |       |       ||    38
 Fire: Longbow           |     5 |   131 |    13 ||   149
 Cast: Shock             |    12 |       |       ||    12
  Use: Scroll            |     1 |     1 |     1 ||     3
 Stab: Sleeping          |     7 |       |       ||     7
Armor: Robe              |    15 |     1 |       ||    16
Dodge: Dodged            |    26 |    36 |     3 ||    65

Table legend: (Time is in decaauts)
 A = Elapsed time spent in this place.
 B = Non-inter-level travel time spent in this place.
 C = Inter-level travel time spent in this place.
 D = Time resting spent in this place.
 E = Time spent auto-exploring this place.
 F = Levels seen in this place.
 G = Mean time per level.
                   A        B        C        D        E       F      G
               +--------+--------+--------+--------+--------+-----+--------+
         Total |   3344 |   3297 |     47 |     76 |   2618 |   5 |  668.8 |
       Dungeon |   3344 |   3297 |     47 |     76 |   2618 |   5 |  668.8 |
               +--------+--------+--------+--------+--------+-----+--------+

Top non-repeatable levels by time:
     D:1: 952 daAuts
     D:2: 846 daAuts
     D:4: 716 daAuts
     D:5: 448 daAuts
     D:3: 380 daAuts
